 Dungeon Sprint DCSS version 0.30-a0-824-g6c64550be9 (webtiles) character file.

Game seed: 2849957115546407064

1205 BigDaddyOpFi the Fighter (level 8, -9/123 HPs)
             Began as a Minotaur Berserker on Feb 27, 2023.
             Was a Priest of Trog.
             Mangled by a demonic crawler (13 damage)
             ... in the Dungeon (Sprint I: "Red Sonja").
             The game lasted 00:00:53 (693 turns).

BigDaddyOpFi the Fighter (Minotaur Berserker)        Turns: 693, Time: 00:00:53

Health: -9/123     AC:  3    Str: 25    XL:     8   Next: 21%
Magic:  7/7        EV: 15    Int:  4    God:    Trog [***...]
Gold:   421        SH:  0    Dex:  9    Spells: 7/7 levels left

rFire   . . .      SeeInvis .    a - +0 hand axe
rCold   . . .      Faith    .    (no shield)
rNeg    . . .      Spirit   .    b - +0 animal skin
rPois   .          Reflect  .    (helmet restricted)
rElec   .          Harm     .    (no cloak)
rCorr   .          Rampage  .    (no gloves)
Will    .....      NoTele   +    (no boots) Stlth
                                 (no amulet)
HPRegen 0.40/turn                (no ring)
MPRegen 0.10/turn                (no ring)

@: berserking, very quick
A: horns 2, retaliatory headbutt
a: Renounce Religion, Berserk, Trog's Hand


You were in the Dungeon.
You worshipped Trog.
Trog was most pleased with you.
You visited 1 branch You collected 421 gold pieces.

Inventory:

Hand Weapons
 a - a +0 hand axe (weapon)
Armour
 b - a +0 animal skin (worn)
Wands
 i - a wand of polymorph (14)
Scrolls
 h - a scroll of blinking
Potions
 d - a potion of heal wounds
 e - a potion of haste
 f - 2 potions of magic
 g - a potion of berserk rage


   Skills:
 + Level 11.5 Fighting
 + Level 11.5 Axes
 + Level 11.1 Armour
 + Level 10.2 Dodging


You had 7 spell levels left.
You didn't know any spells.
Your spell library was empty.

Dungeon Overview and Level Annotations

Branches:
Dungeon (1/1)

Altars:
Cheibriados
Dithmenos
Elyvilon
Fedhas
Gozag
Hepliaklqana
Kikubaaqudgha
Makhleb
Okawaru
Qazlal
Ru
Sif Muna
Trog
Uskayaw
Vehumet
Wu Jian
Xom
Yredelemnul
Zin
The Shining One
Jiyva
Lugonu

Shops:
D !


Innate Abilities, Weirdness & Mutations

You have a pair of horns on your head.
You reflexively headbutt those who attack you in melee.


Message History

The demonic crawler hits you! The demonic crawler hits you.
The demonic crawler barely misses you.
A red film seems to cover your vision as you go berserk!
You feel yourself moving faster!
You feel mighty!
You slice the demonic crawler!!
The demonic crawler is moderately wounded.
You hit the demonic crawler but do no damage.
The demonic crawler hits you! The demonic crawler hits you.
The demonic crawler barely misses you.
You hit the demonic crawler.
The demonic crawler is heavily wounded.
You hit the demonic crawler.
The demonic crawler hits you but does no damage.
The demonic crawler hits you. The demonic crawler hits you!
You slash the demonic crawler! You headbutt the demonic crawler!
The demonic crawler is severely wounded.
You hit the demonic crawler. The demonic crawler misses you.
You furiously retaliate!
You headbutt the demonic crawler! The demonic crawler hits you!
The demonic crawler barely misses you. The demonic crawler hits you!
The demonic crawler hits you. The demonic crawler hits you!
* * * LOW HITPOINT WARNING * * *
You slash the demonic crawler!
The demonic crawler is almost dead.
You hit the demonic crawler. The demonic crawler closely misses you.
The demonic crawler hits you.
* * * LOW HITPOINT WARNING * * *
The demonic crawler misses you.
You barely miss the demonic crawler.
The demonic crawler is almost dead.
You slash the demonic crawler! The demonic crawler hits you.
* * * LOW HITPOINT WARNING * * *
The demonic crawler closely misses you. The demonic crawler hits you!
* * * LOW HITPOINT WARNING * * *
You slash the demonic crawler!
The demonic crawler is almost dead.
You barely miss the demonic crawler. The demonic crawler hits you!
* * * LOW HITPOINT WARNING * * *
The demonic crawler hits you!
You die...

##################
.#.)'..#__#..')..#
.'..#..'..'..#).s##+#
'#####'#__####..@ss.#
.#...#)####§(#####s.+
##..##.#~~~§c ##
_##'#_.+§§§
..'..._#§§~.c#
_##_.#'##+#### ##+#(#
###


You could see 4 demonic crawlers.

Vanquished Creatures
  2 kobold demonologists (D)
  A slime creature (D)
  Sigmund (D)
  A yak (D)
  A floating eye (D)
  An ogre (D)
  A jelly (D)
  Ijyb (D)
9 creatures vanquished.

Notes
Turn   | Place    | Note
-------+----------+-------------------------------------------
     0 | D        | BigDaddyOpFi the Minotaur Berserker began the quest for the
                  | Orb.
     0 | D        | Reached XP level 1. HP: 19/19 MP: 0/0
     2 | D        | Noticed Ijyb
     9 | D        | Killed Ijyb
    10 | D        | Reached skill level 5 in Fighting
    10 | D        | Reached XP level 2. HP: 29/29 MP: 1/1
   163 | D        | Noticed an ogre
   166 | D        | Killed an ogre
   167 | D        | Reached skill level 5 in Armour
   167 | D        | Reached skill level 5 in Dodging
   167 | D        | Reached XP level 3. HP: 38/38 MP: 2/2
   167 | D        | Reached XP level 4. HP: 45/45 MP: 3/3
   229 | D        | Noticed Sigmund
   238 | D        | Killed Sigmund
   238 | D        | Reached ** piety under Trog
   239 | D        | Reached XP level 5. HP: 53/53 MP: 4/4
   282 | D        | Found an ornate altar of the Wu Jian Council.
   282 | D        | Found a shimmering blue altar of Sif Muna.
   284 | D        | Found a radiant altar of Vehumet.
   289 | D        | Reached XP level 6. HP: 47/62 MP: 5/5
   440 | D        | Found Yfameprurghe's Distillery.
   440 | D        | Found an ancient bone altar of Kikubaaqudgha.
   440 | D        | Found a hazy altar of Hepliaklqana.
   440 | D        | Found a stormy altar of Qazlal.
   440 | D        | Found a hide-covered altar of Uskayaw.
   440 | D        | Found a blossoming altar of Fedhas.
   440 | D        | Found a bloodstained altar of Trog.
   440 | D        | Found an iron altar of Okawaru.
   440 | D        | Found a basalt altar of Yredelemnul.
   440 | D        | Found a glowing golden altar of the Shining One.
   440 | D        | Found a snail-covered altar of Cheibriados.
   440 | D        | Found a sacrificial altar of Ru.
   440 | D        | Found a glowing silver altar of Zin.
   440 | D        | Found a shadowy altar of Dithmenos.
   440 | D        | Found a white marble altar of Elyvilon.
   440 | D        | Noticed a yak
   444 | D        | Killed a yak
   445 | D        | Found an opulent altar of Gozag.
   477 | D        | Noticed a centaur warrior
   477 | D        | Noticed a centaur warrior
   489 | D        | Found a burning altar of Makhleb.
   489 | D        | Found a viscous altar of Jiyva.
   489 | D        | Found a shimmering altar of Xom.
   489 | D        | Found a corrupted altar of Lugonu.
   489 | D        | Noticed a slime creature
   497 | D        | Killed a slime creature
   498 | D        | Reached skill level 10 in Fighting
   498 | D        | Reached skill level 10 in Axes
   498 | D        | Reached XP level 7. HP: 72/72 MP: 6/6
   548 | D        | Noticed a kobold demonologist
   548 | D        | Noticed a kobold demonologist
   552 | D        | Noticed an orange demon
   552 | D        | Reached *** piety under Trog
   553 | D        | Reached skill level 10 in Armour
   558 | D        | Killed a kobold demonologist
   560 | D        | Noticed an orange demon
   560 | D        | Killed a kobold demonologist
   561 | D        | Reached skill level 10 in Dodging
   561 | D        | Reached XP level 8. HP: 82/82 MP: 7/7
   686 | D        | Noticed a demonic crawler
   686 | D        | Noticed a demonic crawler
   686 | D        | Noticed a demonic crawler
   686 | D        | Noticed a demonic crawler
   693 | D        | HP: 4/123 [demonic crawler (11)]
   693 | D        | Mangled by a demonic crawler

Illustrated notes

Levels and vault maps discovered:
D:        dungeon_sprint_1 [red_sonja_temple_1, red_sonja_temple_small_1]

Skill      XL: |  1  2  3  4  5  6  7 |
---------------+----------------------+-----
Fighting       | 5 6 8 10 11 | 11.5
Axes           | 4 6 8 10 11 | 11.5
Armour         | 4 5 7 8 9 11 | 11.1
Dodging        | 3 5 7 8 10 | 10.2

Action                     |  1- 3 |  4- 6 |  7- 9 || total
---------------------------+-------+-------+-------++-------
  Melee: Hand axe          |     7 |    16 |    15 ||    38
         Headbutt          |       |     3 |     3 ||     6
         Punch             |       |       |     1 ||     1
 Invoke: Berserk           |     2 |     3 |     2 ||     7
    Use: Potion            |       |     1 |       ||     1
 Armour: Animal skin       |       |       |     1 ||     1
  Dodge: Dodged            |     5 |     5 |    10 ||    20

Table legend: (Time is in decaauts)
 A = Elapsed time spent in this place.
 B = Non-inter-level travel time spent in this place.
 C = Inter-level travel time spent in this place.
 D = Time resting spent in this place.
 E = Time spent auto-exploring this place.
 F = Levels seen in this place.
 G = Mean time per level.
                   A        B        C        D        E       F      G
               +--------+--------+--------+--------+--------+-----+--------+
         Total |    740 |    740 |      0 |    593 |      0 |   1 |  740.0 |
       Dungeon |    740 |    740 |      0 |    593 |      0 |   1 |  740.0 |
               +--------+--------+--------+--------+--------+-----+--------+

Top non-repeatable levels by time:
       D: 740 daAuts
